 Dungeon Crawl Stone Soup version 0.24-a0-271-ga0fc33f724 (webtiles) character file.

Game seed: 8429402254396283484

143 Redear the Magician (level 5, -1/35 HPs)
             Began as a Mummy Wizard on Apr 23, 2019.
             Slain by Grinder (9 damage)
             ... on level 3 of the Dungeon.
             The game lasted 00:06:26 (3126 turns).

Redear the Magician (Mummy Wizard)                  Turns: 3126, Time: 00:06:26

Health: -1/35      AC:  2    Str: 10    XL:     5   Next: 4%
Magic:  1/12       EV: 12    Int: 18    God:
Gold:   143        SH:  0    Dex: 11    Spells: 9/14 levels left

rFire    x . .     SeeInvis .   (no weapon)
rCold    + . .     Gourm    .   (no shield)
rNeg     + + +     Faith    .   a - +0 robe
rPois    ∞         Spirit   .   b - +0 hat
rElec    .         Reflect  .   (no cloak)
rCorr    .         Harm     .   (no gloves)
MR       .....                  (no boots)
Stlth    ++........             (no amulet)
HPRegen  0.11/turn              (no ring)
MPRegen  0.13/turn              (no ring)

@: no status effects
A: no food or potions, fire vulnerability, cold resistance 1, negative energy
resistance 3, torment resistance, unbreathing
a: no special abilities


You were on level 3 of the Dungeon.
You were not hungry.

You visited 1 branch of the dungeon, and saw 3 of its levels.

You collected 143 gold pieces.

Inventory:

Hand Weapons
 j - a cursed -3 war axe
Armour
 a - a +0 robe (worn)
 b - a +0 hat (worn)
 h - a +0 pair of boots
Jewellery
 g - an uncursed ring of protection from magic {unknown}
Scrolls
 c - a scroll of fog {unknown}
 d - a scroll of identify {unknown}
 e - 2 scrolls of immolation {unknown}
 f - a scroll of remove curse {unknown}
 i - a scroll of fear {unknown}
 k - a scroll of noise {unknown}


   Skills:
 - Level 1.5 Dodging
 - Level 1.5 Stealth
 + Level 5.4 Spellcasting
 + Level 2.5 Conjurations
 + Level 1.9 Summonings
 - Level 0.7 Translocations


You had 9 spell levels left.
You knew the following spells:

 Your Spells              Type           Power        Failure   Level  Hunger
a - Magic Dart            Conj           ##..         4%          1    N/A
b - Call Imp              Summ           ##......     9%          2    N/A
d - Blink                 Tloc           N/A          14%         2    N/A

Your spell library contained the following spells:

 Spells                   Type           Power        Failure   Level  Hunger
 Slow                     Hex            #.......     19%         2    N/A
 Conjure Flame            Conj/Fire      #.......     22%         3    N/A
 Mephitic Cloud           Conj/Pois/Air  #.......     26%         3    N/A

Dungeon Overview and Level Annotations

Branches:
Dungeon (3/15)

Altars:

Annotations:
D:3 Grinder


Innate Abilities, Weirdness & Mutations

You do not eat or drink.
Your flesh is vulnerable to fire.
You are immune to poison.
Your flesh is cold resistant. (rC+)
You are immune to negative energy. (rN+++)
You are immune to unholy pain and torment.
You can survive without breathing.


Message History

Casting: Call Imp (safe; 9% risk of failure)
Confirm with . or Enter, or press ? or * to list all spells.
A beastly little devil appears in a puff of flame.
Grinder barely misses your crimson imp.
Your crimson imp blinks!
You now have 1/12 mp.
Grinder gestures at you.
You suddenly lose the ability to move!
Your crimson imp closely misses Grinder.
Grinder hits you!
Your crimson imp hits Grinder but does no damage.
Your crimson imp closely misses Grinder.
Grinder hits you!
* * * LOW HITPOINT WARNING * * *
You can move again.
You take 14 damage, and have 8/35 hp.
MASSIVE DAMAGE!!
Your crimson imp barely misses Grinder.
Your crimson imp blinks!
Grinder hits you!
You die...

#### ...# #..#
#..# #..# #..#
#.?#
#5§############
#@5†...5......#
#.####........#
#.# #.#####..#
#.# #.#####..#
..# #.##.....#
### #.##.##)##
#.##.##.#
#%....(.#
####.####


You could see Grinder and 2 friendly crimson imps.

Vanquished Creatures
  Natasha (D:2)
  6 adders
  2 oozes
  A leopard gecko (D:3)
  6 giant cockroaches
  6 goblins
  4 hobgoblins (D:1)
  A quokka (D:2)
  A ball python (D:3)
  2 bats
  4 frilled lizards
  3 kobolds
  9 rats
46 creatures vanquished.

Vanquished Creatures (collateral kills)
  An adder (D:2)
  A worm (D:2)
  A dart slug (D:2)
  A goblin (D:2)
  A hobgoblin (D:2)
  2 kobolds (D:2)
  2 frilled lizards (D:3)
9 creatures vanquished.

Grand Total: 55 creatures vanquished

Notes
Turn   | Place    | Note
-------+----------+-------------------------------------------
     0 | D:1      | Redear the Mummy Wizard began the quest for the Orb.
     0 | D:1      | Reached XP level 1. HP: 13/13 MP: 5/5
   213 | D:1      | Reached skill level 1 in Conjurations
   337 | D:1      | Reached XP level 2. HP: 19/19 MP: 1/7
   543 | D:1      | Learned a level 2 spell: Call Imp
   546 | D:1      | Learned a level 2 spell: Blink
  1063 | D:2      | Noticed a crimson imp
  1246 | D:2      | Noticed Natasha
  1538 | D:2      | HP: 1/19 [adder (4)]
  1539 | D:2      | Reached skill level 1 in Summonings
  1539 | D:2      | Reached XP level 3. HP: 2/24 MP: 0/9
  1952 | D:2      | Reached skill level 2 in Conjurations
  2119 | D:2      | HP: 1/24 [Natasha (6)]
  2121 | D:2      | Killed Natasha
  2121 | D:2      | Reached skill level 5 in Spellcasting
  2121 | D:2      | Reached XP level 4. HP: 1/30 MP: 3/11
  3023 | D:3      | Reached XP level 5. HP: 33/35 MP: 5/12
  3026 | D:3      | Noticed Grinder
  3085 | D:3      | Paralysed by Grinder for 2 turns
  3089 | D:3      | Paralysed by Grinder for 4 turns
  3102 | D:3      | Paralysed by Grinder for 2 turns
  3123 | D:3      | Paralysed by Grinder for 3 turns
  3126 | D:3      | Slain by Grinder

Levels and vault maps discovered:
D:1:      dpeg_arrival_water_fire, layout_basic, chequers_serial_rivers_micro_c
D:2:      layout_basic, uniq_natasha
D:3:      layout_loops_ring, chequers_temple_overflow_minitemple, uniq_grinder

Skill      XL: |  1  2  3 |
---------------+----------+-----
Conjurations   | 1 2 |  2.5
Summonings     | 1 |  1.9
Spellcasting   | 5 |  5.4
Dodging        | |  1.5
Stealth        | |  1.5
Translocations | |  0.7

Action                   |  1- 3 |  4- 6 || total
-------------------------+-------+-------++-------
Melee: Unarmed           |    75 |    10 ||    85
 Cast: Magic Dart        |    83 |    51 ||   134
       Call Imp          |     6 |    11 ||    17
Armor: Robe              |    19 |     6 ||    25
Dodge: Dodged            |    58 |    13 ||    71

Table legend:
 A = Non-vault XP
 B = Vault XP
 C = Vault XP percentage of total XP
 D = Non-vault monster count
 E = Vault monster count
 F = Vault count percentage of total count
                 A         B        C        D         E       F
            +---------+---------+-------+---------+---------+-------
      Total |     170 |      35 |  17.1 |      54 |       1 |   1.8
            +---------+---------+-------+---------+---------+-------
        D:1 |      31 |       0 |   0.0 |      21 |       0 |   0.0
        D:2 |      81 |      35 |  30.2 |      21 |       1 |   4.5
        D:3 |      58 |       0 |   0.0 |      12 |       0 |   0.0
            +---------+---------+-------+---------+---------+-------
